 Dungeon Sprint DCSS version 0.17.0-28-g6e173f8 (webtiles) character file.

24182 Ponchio the Sorcerer (level 12, -39/59 HPs)
             Began as a Deep Elf Fire Elementalist on Dec 2, 2015.
             Was the Champion of Vehumet.
             Killed from afar by a deep elf annihilator (57 damage)
             ... with an iron shot
             ... in the Dungeon (Sprint V: "Ziggurat Sprint").
             The game lasted 00:47:13 (2407 turns).

Ponchio the Sorcerer (Deep Elf Fire Elementalist)   Turns: 2407, Time: 00:47:13

Health: -39/59     AC:  7    Str: 12    XL:     12   Next: 78%
Magic:  49/56      EV: 31    Int: 32    God:    Vehumet [******]
Gold:   0          SH:  0    Dex: 31    Spells: 7 memorised, 29 levels left

rFire  . . .     SeeInvis .     I - +6 Majin-Bo {vamp, Archmagi MP+6 Int+6}
rCold  . . .     Clarity  .     P - +0 robe {rN+}
rNeg   + . .     SustAt   .     (shield currently unavailable)
rPois  .         Gourm    .     (no helmet)
rElec  +         Spirit   .     N - +0 cloak of Cutryqeh {Dex+4} (curse)
rCorr  .         Warding  .     V - +3 pair of gloves of the Guardian {-Tele rElec MP+9 Str+7}
rMut   .         NoTele   +     (no boots)
MR     +....                    (no amulet)
Stlth  +++.......               z - +6 ring of dexterity
                                y - +6 ring of dexterity

@: hasted, repel missiles, very quick, somewhat resistant to hostile
enchantments, fairly stealthy
A: no striking features
a: Renounce Religion


You were in the Dungeon.
You worshipped Vehumet.
Vehumet was exalted by your worship.
You were not hungry.

You visited 1 branch

Inventory:

Hand Weapons
 I - the +6 Majin-Bo (weapon) {vamp, Archmagi MP+6 Int+6}
   (You found it in the Dungeon)

   It inflicts no extra harm, but heals its wielder somewhat when it strikes a
   living foe.
   It affects your intelligence (+6).
   It affects your magic capacity (+6).
Armour
 N - the cursed +0 cloak of Cutryqeh (worn) {Dex+4}
   (You found it in the Dungeon)

   It affects your dexterity (+4).
   It has a curse placed upon it.
 P - a +0 robe of positive energy (worn)
 V - the +3 pair of gloves of the Guardian (worn) {-Tele rElec MP+9 Str+7}
   (You found it in the Dungeon)

   It affects your strength (+7).
   It insulates you from electricity.
   It affects your magic capacity (+9).
   It prevents most forms of teleportation.
Jewellery
 m - an uncursed ring of positive energy
 y - a +6 ring of dexterity (left hand)
 z - a +6 ring of dexterity (right hand)
 A - a +6 ring of intelligence
 B - a +6 ring of intelligence
 K - the ring of Eficwed {rF- MR+ Dex+6}
   (You found it in the Dungeon)

   [ring of protection from magic]

   It affects your dexterity (+6).
   It makes you vulnerable to fire.
   It affects your resistance to hostile enchantments.
 S - an uncursed ring of poison resistance
 U - the cursed ring of Xom's Malicious Joy {*Contam rPois AC-3 Dex+3 SInv}
   (You found it in the Dungeon)

   [ring of protection]

   It affects your AC (-3).
   It affects your dexterity (+3).
   It protects you from poison.
   It lets you see invisible.
   It causes magical contamination when unequipped.
   It has a curse placed upon it.
Wands
 E - a wand of disintegration (5)
 F - a wand of fire (3)
 H - a wand of draining (5)
Scrolls
 i - 3 scrolls of blinking
 p - 4 scrolls of amnesia
 q - 3 scrolls of recharging
 r - 7 scrolls of fog
 s - a scroll of holy word
 t - 5 scrolls of identify
 u - 5 scrolls of remove curse
 v - 2 scrolls of fear
Potions
 d - 10 potions of curing
 e - 6 potions of heal wounds
 f - 2 potions of haste
 g - 6 potions of magic
 h - 3 potions of berserk rage
 j - 2 potions of brilliance
 k - 2 potions of invisibility
 l - 4 potions of resistance
 n - 6 potions of agility
 o - 5 potions of might
Books
 b - a book of Flames

   Spells                             Type                      Level
   a - Flame Tongue                   Conjuration/Fire             1
   b - Throw Flame                    Conjuration/Fire             2
   c - Conjure Flame                  Conjuration/Fire             3
   d - Inner Flame                    Hexes/Fire                   3
   e - Sticky Flame                   Conjuration/Fire             4
   f - Fireball                       Conjuration/Fire             5
 C - a book of Maledictions

   Spells                             Type                      Level
   a - Corona                         Hexes                        1
   b - Ensorcelled Hibernation        Hexes/Ice                    2
   c - Confuse                        Hexes                        3
   d - Tukima's Dance                 Hexes                        3
   e - Dazzling Spray                 Conjuration/Hexes            3
 D - a book of Callings

   Spells                             Type                      Level
   a - Summon Small Mammal            Summoning                    1
   b - Call Imp                       Summoning                    2
   c - Call Canine Familiar           Summoning                    3
   d - Summon Guardian Golem          Hexes/Summoning              3
   e - Summon Lightning Spire         Summoning/Air                4
   f - Summon Ice Beast               Ice/Summoning                4
 G - a book of the Dragon

   Spells                             Type                      Level
   a - Flame Tongue                   Conjuration/Fire             1
   b - Cause Fear                     Hexes                        4
   c - Bolt of Fire                   Conjuration/Fire             6
   d - Dragon Form                    Transmutation                7
   e - Dragon's Call                  Summoning                    9
 J - a book of Transfigurations

   Spells                             Type                      Level
   a - Stoneskin                      Transmutation/Earth          2
   b - Irradiate                      Conjuration/Transmutation    5
   c - Statue Form                    Transmutation/Earth          6
   d - Hydra Form                     Transmutation                6
   e - Dragon Form                    Transmutation                7
 L - a book of Power

   Spells                             Type                      Level
   a - Fulminant Prism                Conjuration/Hexes            4
   b - Iskenderun's Mystic Blast      Conjuration                  4
   c - Venom Bolt                     Conjuration/Poison           5
   d - Bolt of Magma                  Conjuration/Fire/Earth       5
   e - Iron Shot                      Conjuration/Earth            6
   f - Orb of Destruction             Conjuration                  7
   g - Spellforged Servitor           Conjuration/Summoning        7
 M - Utopua's Almanac of Battle Magic
   (You found it in the Dungeon)

   Spells                             Type                      Level
   a - Magic Dart                     Conjuration                  1
   b - Dazzling Spray                 Conjuration/Hexes            3
   c - Throw Icicle                   Conjuration/Ice              4
   d - Lightning Bolt                 Conjuration/Air              5
   e - Iskenderun's Battlesphere      Conjuration/Charms           5
 O - a book of the Earth

   Spells                             Type                      Level
   a - Leda's Liquefaction            Hexes/Earth                  4
   b - Bolt of Magma                  Conjuration/Fire/Earth       5
   c - Statue Form                    Transmutation/Earth          6
   d - Iron Shot                      Conjuration/Earth            6
   e - Shatter                        Earth                        9
 Q - a Young Poisoner's Handbook

   Spells                             Type                      Level
   a - Sting                          Conjuration/Poison           1
   b - Cure Poison                    Poison                       2
   c - Mephitic Cloud                 Conjuration/Poison/Air       3
   d - Olgreb's Toxic Radiance        Poison                       4
   e - Venom Bolt                     Conjuration/Poison           5
 R - the Papyrus of Fetching Snow
   (You found it in the Dungeon)

   Spells                             Type                      Level
   a - Freeze                         Ice                          1
   b - Throw Frost                    Conjuration/Ice              2
   c - Confusing Touch                Hexes                        2
   d - Ice Form                       Ice/Transmutation            4
   e - Silence                        Hexes/Air                    5
   f - Simulacrum                     Ice/Necromancy               6
 T - a book of Unlife

   Spells                             Type                      Level
   a - Recall                         Summoning/Translocation      3
   b - Animate Dead                   Necromancy                   4
   c - Control Undead                 Necromancy                   4
   d - Cigotuvi's Embrace             Necromancy                   5
   e - Death Channel                  Necromancy                   6
   f - Simulacrum                     Ice/Necromancy               6
 W - a book of Minor Magic

   Spells                             Type                      Level
   a - Magic Dart                     Conjuration                  1
   b - Blink                          Translocation                2
   c - Call Imp                       Summoning                    2
   d - Repel Missiles                 Charms/Air                   2
   e - Slow                           Hexes                        2
   f - Conjure Flame                  Conjuration/Fire             3
   g - Mephitic Cloud                 Conjuration/Poison/Air       3
 X - the Collected Works on Intoxication
   (You found it in the Dungeon)

   Spells                             Type                      Level
   a - Sting                          Conjuration/Poison           1
   b - Cure Poison                    Poison                       2
   c - Venom Bolt                     Conjuration/Poison           5
Miscellaneous
 a - a phantom mirror
Comestibles
 c - 5 bread rations
 w - 34 fruits
 x - 3 meat rations


   Skills:
 - Level 14.4 Dodging
 - Level 2.4 Stealth
 + Level 23.6 Spellcasting
 + Level 20.5 Conjurations
 - Level 10.7 Necromancy
 + Level 8.5 Fire Magic
 - Level 8.0 Evocations


You had 29 spell levels left.
You knew the following spells:

 Your Spells              Type           Power        Failure   Level  Hunger
a - Flame Tongue          Conj/Fire      #####        0%          1    None
b - Fireball              Conj/Fire      ########..   1%          5    None
c - Throw Icicle          Conj/Ice       ########     1%          4    None
d - Iron Shot             Conj/Erth      ########..   1%          6    None
e - Orb of Destruction    Conj           ########..   1%          7    None
f - Control Undead        Necr           ########..   1%          4    None
g - Repel Missiles        Chrm/Air       ######       1%          2    None


Dungeon Overview and Level Annotations

Branches:
Dungeon (1/1)

Altars:
Ashenzari
Cheibriados
Dithmenos
Elyvilon
Fedhas
Gozag
Kikubaaqudgha
Makhleb
Nemelex Xobeh
Okawaru
Qazlal
Ru
Sif Muna
Trog
Vehumet
Xom
Yredelemnul
Zin
The Shining One
Beogh
Jiyva
Lugonu


Message History

The deep elf summoner is heavily wounded.
The fireball engulfs the deep elf master archer.
The deep elf master archer is heavily wounded.
The deep elf master archer shouts!
The fireball engulfs the deep elf summoner.
You kill the deep elf summoner!
Vehumet accepts your kill.
You feel your power returning.
The deep elf summoner casts a spell.
The deep elf annihilator casts a spell.
The deep elf annihilator blinks!
The deep elf high priest mumbles some strange prayers to its god against you.
The hellfire explodes!
The burst of hellfire engulfs you!
A deep elf priest comes into view. It is wielding a long sword.
The deep elf priest shouts!
The deep elf mage shouts!
Drink which item? (? for menu, Esc to quit)
You feel yourself speed up.
The deep elf annihilator points at you and mumbles some strange words.
The iron shot hits you!
Ouch! That really hurt!
You die...

▓........▓.
▓...))§}s?..▓........▓.
▓...ee.)....▓▓▓▓▓▓▓▓▓▓▓
▓....ee.e...▓...8©8...▓
▓......e....▓...)[....▓
▓.....r.....▓.....)...▓
▓.........e.▓.....)...▓
▓..▓.....▓..▓.........▓
▓.....@.....▓.........▓
▓...........▓.........▓
▓▓▓▓▓▓▓▓▓▓▓▓▓.▓.....▓.▓
▓....8©8....▓.........▓
▓..||).|}=..▓▓▓▓▓▓▓▓▓▓▓
▓...).}.....▓...8©8...▓
▓...........▓..))|\?..▓
▓...........▓....)....▓
▓...........▓...))....▓


You could see a deep elf master archer, a deep elf annihilator, a demonic
crawler, 2 deep elf summoners, a deep elf high priest, a deep elf priest, a deep
elf mage and a hell rat.

Vanquished Creatures
  A deep elf master archer (D)
  A ghost moth (D)
  A ghoul (D)
  A deep elf annihilator (D)
  A deep elf demonologist (D)
  A naga warrior (D)
  A deep elf knight (D)
  5 soul eaters (D)
  A hell hog (D)
  3 deep elf summoners (D)
  A hill giant (D)
  A deep elf conjurer (D)
  A moth of wrath (D)
  A hornet (D)
  3 shining eyes (D)
  3 toenail golems (D)
  A black mamba (D)
  2 guardian serpents (D)
  3 naga magi (D)
  An eye of devastation (D)
  A gargoyle (D)
  A torpor snail (D)
  2 jumping spiders (D)
  A demonic crawler (D)
  6 merfolk (D)
  2 trolls (D)
  A two-headed ogre (D)
  A redback (D)
  2 fire elementals (D)
  3 trapdoor spiders (D)
  2 spriggans (D)
  A naga (D)
  2 wolves (D)
  2 deep elf fighters (D)
  2 water moccasins (D)
  A black bear (D)
  A wasp (D)
  An eye of draining (D)
  4 ogres (D)
  A centaur (D)
  3 earth elementals (D)
  A scorpion (D)
  A jelly (D)
  2 sheep (D)
  3 adders (D)
  3 oozes (D)
  A spectral adder (D)
  A spectral bat (D)
  3 ball pythons (D)
  A bat zombie (D)
  A quokka skeleton (D)
  A quokka zombie (D)
  A spectral giant gecko (D)
  A fire vortex (D)
93 creatures vanquished.

Notes
Turn   | Place    | Note
--------------------------------------------------------------
     0 | D        | Ponchio the Deep Elf Fire Elementalist began the quest for the Orb.
     0 | D        | Reached XP level 1. HP: 10/10 MP: 6/6
     0 | D        | Found a roughly hewn altar of Beogh.
     0 | D        | Found a viscous altar of Jiyva.
     0 | D        | Found a corrupted altar of Lugonu.
     0 | D        | Found a white marble altar of Elyvilon.
     0 | D        | Found a sparkling altar of Nemelex Xobeh.
     1 | D        | Found a burning altar of Makhleb.
     1 | D        | Found an iron altar of Okawaru.
     1 | D        | Found a deep blue altar of Sif Muna.
     1 | D        | Found a radiant altar of Vehumet.
     1 | D        | Found a bloodstained altar of Trog.
     1 | D        | Found a shimmering altar of Xom.
    36 | D        | Became a worshipper of Vehumet
    52 | D        | Reached skill level 8 in Evocations
    52 | D        | Reached XP level 2. HP: 15/15 MP: 6/9
   116 | D        | Entered arena 1.
   116 | D        | Noticed a jumping spider
   116 | D        | Noticed a scorpion
   118 | D        | Killed a scorpion
   118 | D        | Reached skill level 5 in Spellcasting
   118 | D        | Reached XP level 3. HP: 19/19 MP: 12/12
   123 | D        | Killed a jumping spider
   123 | D        | Reached skill level 10 in Spellcasting
   123 | D        | Reached XP level 4. HP: 18/24 MP: 16/18
   123 | D        | Reached XP level 5. HP: 21/28 MP: 17/20
   123 | D        | Reached XP level 6. HP: 24/32 MP: 17/21
   140 | D        | Learned a level 5 spell: Fireball
   209 | D        | Entered arena 2.
   209 | D        | Noticed a merfolk
   209 | D        | Noticed a merfolk
   209 | D        | Noticed a merfolk
   211 | D        | Killed a merfolk
   211 | D        | Reached * piety under Vehumet
   211 | D        | Offered knowledge of Sandblast by Vehumet.
   211 | D        | Reached skill level 12 in Spellcasting
   211 | D        | Reached skill level 10 in Conjurations
   212 | D        | Killed a merfolk
   212 | D        | Reached skill level 13 in Spellcasting
   212 | D        | Reached XP level 7. HP: 25/36 MP: 12/25
   212 | D        | Killed a merfolk
   212 | D        | Reached skill level 14 in Spellcasting
   360 | D        | Entered arena 3.
   360 | D        | Noticed a fire elemental
   360 | D        | Noticed a fire elemental
   360 | D        | Noticed a hell hog
   365 | D        | Killed a hell hog
   365 | D        | Reached ** piety under Vehumet
   365 | D        | Reached skill level 15 in Spellcasting
   365 | D        | Reached XP level 8. HP: 30/41 MP: 29/29
   365 | D        | Killed a fire elemental
   367 | D        | Killed a fire elemental
   367 | D        | Reached skill level 16 in Spellcasting
   374 | D        | Identified a +4 rod of destruction (13/13) (You found it in the Dungeon)
   394 | D        | Identified Utopua's Almanac of Battle Magic (You found it in the Dungeon)
   400 | D        | Learned a level 4 spell: Throw Icicle
   543 | D        | Entered arena 4.
   543 | D        | Noticed a deep elf demonologist
   543 | D        | Noticed a deep elf summoner
   543 | D        | Noticed a deep elf summoner
   543 | D        | Noticed a deep elf knight
   545 | D        | Killed a deep elf demonologist
   545 | D        | Offered knowledge of Sting by Vehumet.
   545 | D        | Reached skill level 17 in Spellcasting
   545 | D        | Reached skill level 15 in Conjurations
   545 | D        | Reached XP level 9. HP: 39/45 MP: 26/32
   545 | D        | Killed a deep elf summoner
   545 | D        | Reached skill level 18 in Spellcasting
   546 | D        | Killed a deep elf knight
   546 | D        | Killed a deep elf summoner
   546 | D        | Reached *** piety under Vehumet
   546 | D        | Reached skill level 19 in Spellcasting
   546 | D        | Reached XP level 10. HP: 38/50 MP: 21/35
   668 | D        | Learned a level 6 spell: Iron Shot
   669 | D        | Entered arena 5.
   669 | D        | Noticed a wolf
   669 | D        | Noticed a spriggan
   669 | D        | Noticed a wolf
   669 | D        | Noticed a black bear
   669 | D        | Noticed a spriggan
   670 | D        | Killed a spriggan
   670 | D        | Killed a wolf
   670 | D        | Killed a black bear
   671 | D        | Killed a spriggan
   671 | D        | Reached **** piety under Vehumet
   672 | D        | Killed a wolf
   791 | D        | Entered arena 6.
   791 | D        | Noticed a naga mage
   791 | D        | Noticed a naga mage
   791 | D        | Noticed a naga
   792 | D        | Killed a naga
   792 | D        | Offered knowledge of Stone Arrow by Vehumet.
   793 | D        | Killed a naga mage
   793 | D        | Reached ***** piety under Vehumet
   793 | D        | Reached skill level 20 in Spellcasting
   793 | D        | Killed a naga mage
   894 | D        | Entered arena 7.
   894 | D        | Noticed a merfolk
   894 | D        | Noticed a merfolk
   894 | D        | Noticed a centaur
   894 | D        | Noticed a merfolk
   896 | D        | Killed a centaur
   896 | D        | Killed a merfolk
   896 | D        | Reached skill level 5 in Dodging
   897 | D        | Killed a merfolk
   898 | D        | Killed a merfolk
  1201 | D        | Entered arena 8.
  1201 | D        | Noticed a gargoyle
  1201 | D        | Noticed a toenail golem
  1201 | D        | Noticed a toenail golem
  1201 | D        | Noticed an earth elemental
  1201 | D        | Noticed an earth elemental
  1201 | D        | Noticed an earth elemental
  1201 | D        | Noticed a toenail golem
  1203 | D        | Killed an earth elemental
  1205 | D        | Killed a toenail golem
  1210 | D        | Killed an earth elemental
  1213 | D        | Killed a toenail golem
  1213 | D        | Reached skill level 10 in Dodging
  1216 | D        | Killed a toenail golem
  1217 | D        | Killed a gargoyle
  1217 | D        | Reached XP level 11. HP: 17/54 MP: 18/37
  1220 | D        | Killed an earth elemental
  1379 | D        | Entered arena 9.
  1379 | D        | Noticed an ogre
  1379 | D        | Noticed an ogre
  1379 | D        | Noticed a troll
  1379 | D        | Noticed an ogre
  1379 | D        | Noticed a two-headed ogre
  1379 | D        | Noticed a hill giant
  1379 | D        | Noticed an ogre
  1379 | D        | Noticed a troll
  1380 | D        | Killed an ogre
  1380 | D        | Offered knowledge of Iskenderun's Mystic Blast by Vehumet.
  1380 | D        | Reached ****** piety under Vehumet
  1380 | D        | Killed an ogre
  1380 | D        | Killed an ogre
  1381 | D        | Killed a troll
  1382 | D        | Killed a hill giant
  1382 | D        | Killed an ogre
  1382 | D        | Killed a two-headed ogre
  1382 | D        | Killed a troll
  1394 | D        | Got the ring of Eficwed {rF- MR+ Dex+6}
  1405 | D        | Learned a level 7 spell: Orb of Destruction
  1463 | D        | Entered arena 10.
  1463 | D        | Noticed a shining eye
  1463 | D        | Noticed a jelly
  1463 | D        | Noticed a shining eye
  1463 | D        | Noticed an eye of devastation
  1463 | D        | Noticed an eye of draining
  1463 | D        | Noticed a shining eye
  1465 | D        | Killed an eye of devastation
  1465 | D        | Killed an eye of draining
  1466 | D        | Killed a shining eye
  1466 | D        | Reached skill level 21 in Spellcasting
  1466 | D        | Killed a shining eye
  1467 | D        | Killed a jelly
  1469 | D        | Killed a shining eye
  1547 | D        | Got the cursed +0 cloak of Cutryqeh {Dex+4}
  1565 | D        | Identified the Papyrus of Fetching Snow (You found it in the Dungeon)
  1641 | D        | Entered arena 11.
  1641 | D        | Noticed a guardian serpent
  1641 | D        | Noticed a black mamba
  1641 | D        | Noticed a guardian serpent
  1641 | D        | Noticed a naga mage
  1642 | D        | Noticed a water moccasin
  1642 | D        | Noticed a water moccasin
  1642 | D        | Offered knowledge of Static Discharge by Vehumet.
  1643 | D        | Noticed a naga warrior
  1643 | D        | Killed a guardian serpent
  1643 | D        | Killed a guardian serpent
  1643 | D        | Killed a black mamba
  1644 | D        | Killed a water moccasin
  1645 | D        | Killed a water moccasin
  1648 | D        | Killed a naga mage
  1650 | D        | Killed a naga warrior
  1666 | D        | Learned a level 4 spell: Control Undead
  1900 | D        | Entered arena 12.
  1900 | D        | Noticed a jumping spider
  1900 | D        | Noticed a hornet
  1900 | D        | Noticed a demonic crawler
  1900 | D        | Noticed a moth of wrath
  1901 | D        | Noticed a trapdoor spider
  1901 | D        | Noticed a wasp
  1902 | D        | Noticed a trapdoor spider
  1902 | D        | Noticed a redback
  1902 | D        | Noticed a torpor snail
  1902 | D        | Noticed a trapdoor spider
  1902 | D        | Killed a moth of wrath
  1902 | D        | Offered knowledge of Ozocubu's Refrigeration by Vehumet.
  1903 | D        | Killed a wasp
  1904 | D        | Killed a hornet
  1904 | D        | Reached skill level 22 in Spellcasting
  1904 | D        | Killed a trapdoor spider
  1905 | D        | Killed a redback
  1905 | D        | Killed a ghost moth
  1905 | D        | Reached skill level 5 in Necromancy
  1905 | D        | Reached XP level 12. HP: 41/59 MP: 34/40
  1905 | D        | Killed a jumping spider
  1906 | D        | Killed a trapdoor spider
  1907 | D        | Killed a demonic crawler
  1910 | D        | Killed a torpor snail
  1911 | D        | Killed a trapdoor spider
  2100 | D        | Entered arena 13.
  2101 | D        | Noticed a soul eater
  2101 | D        | Noticed a soul eater
  2103 | D        | Noticed a soul eater
  2103 | D        | Noticed a ghoul
  2103 | D        | Noticed a soul eater
  2104 | D        | Offered knowledge of Lee's Rapid Deconstruction by Vehumet.
  2104 | D        | Killed a soul eater
  2105 | D        | Noticed a soul eater
  2107 | D        | Killed a soul eater
  2107 | D        | Killed a soul eater
  2108 | D        | Killed a ghoul
  2108 | D        | Reached skill level 5 in Fire Magic
  2109 | D        | Killed a soul eater
  2109 | D        | Reached skill level 23 in Spellcasting
  2110 | D        | Killed a soul eater
  2353 | D        | Got the cursed ring of Xom's Malicious Joy {*Contam rPois AC-3 Dex+3 SInv}
  2355 | D        | Got the +3 pair of gloves of the Guardian {-Tele rElec MP+9 Str+7}
  2393 | D        | Identified the Collected Works on Intoxication (You found it in the Dungeon)
  2397 | D        | Learned a level 2 spell: Repel Missiles
  2402 | D        | Entered arena 14.
  2403 | D        | Noticed a deep elf mage
  2403 | D        | Noticed a deep elf annihilator
  2403 | D        | Noticed a deep elf fighter
  2403 | D        | Noticed a deep elf master archer
  2403 | D        | Noticed a deep elf conjurer
  2403 | D        | Noticed a deep elf summoner
  2404 | D        | Killed a deep elf fighter
  2405 | D        | Noticed a deep elf summoner
  2405 | D        | Noticed a deep elf fighter
  2405 | D        | Noticed a deep elf annihilator
  2405 | D        | Noticed a deep elf summoner
  2405 | D        | Noticed a deep elf high priest
  2405 | D        | Killed a deep elf fighter
  2406 | D        | Noticed a deep elf master archer
  2406 | D        | Killed a deep elf conjurer
  2406 | D        | Offered knowledge of Freezing Cloud by Vehumet.
  2406 | D        | Killed a deep elf annihilator
  2406 | D        | Killed a deep elf master archer
  2406 | D        | Reached skill level 10 in Necromancy
  2406 | D        | Killed a deep elf summoner
  2406 | D        | Noticed a deep elf priest
  2407 | D        | Killed from afar by a deep elf annihilator

Action                   |  1- 3 |  4- 6 |  7- 9 | 10-12 || total
-------------------------+-------+-------+-------+-------++-------
Melee: Quarterstaff      |     2 |       |     4 |       ||     6
 Cast: Fireball          |       |     2 |     3 |    40 ||    45
       Iron Shot         |       |       |       |    24 ||    24
       Repel Missiles    |       |       |       |     1 ||     1
Evoke: Wand              |     3 |     1 |     5 |       ||     9
       Rod               |       |       |     1 |       ||     1
  Use: Potion            |     1 |       |     2 |     7 ||    10
       Scroll            |       |       |       |     1 ||     1
  Eat: Meat ration       |     1 |       |       |       ||     1
       Fruit             |       |       |     6 |     2 ||     8
       Chunk             |       |       |       |     2 ||     2
